 Dungeon Crawl Stone Soup version 0.25-a0-834-g55863b0b92 (webtiles) character file.

Game seed: 8619467644120934339, levelgen mode: deterministic

1562 Nixze the Firebug (level 8, -11/67 HPs)
             Began as a Green Draconian Fire Elementalist on Apr 22, 2020.
             Mangled by a hell rat (17 damage)
             ... on level 6 of the Dungeon.
             The game lasted 00:17:37 (5812 turns).

Nixze the Firebug (DrFE)                            Turns: 5812, Time: 00:17:38

Health: -11/67     AC:  7    Str: 11    XL:     8   Next: 58%
Magic:  12/23      EV: 11    Int: 18    God:
Gold:   159        SH:  0    Dex: 11    Spells: 11/15 levels left

rFire    . . .     SeeInvis .   t - +2 dagger (venom)
rCold    . . .     Gourm    .   (no shield)
rNeg     . . .     Faith    .   (armour unavailable)
rPois    +         Spirit   .   (helmet restricted)
rElec    .         Reflect  .   (no cloak)
rCorr    +         Harm     .   e - +0 pair of gloves
MR       .....                  (no boots)
Stlth    +.........             (no amulet)
HPRegen  0.21/turn              j - ring of magical power
MPRegen  0.18/turn              r - ring of resist corrosion

@: drained
A: breathe noxious fumes, unfitting armour, poison resistance, cold-blooded, AC
+6
a: Breathe Noxious Fumes


You were on level 6 of the Dungeon.
You were hungry.

You visited 1 branch of the dungeon, and saw 6 of its levels.

You collected 159 gold pieces.

Inventory:

Hand Weapons
 t - a +2 dagger of venom (weapon)
Missiles
 o - 8 boomerangs
 u - 14 poisoned darts (quivered)
 x - 3 silver boomerangs
 G - 2 throwing nets
Armour
 e - a +0 pair of gloves (worn)
 v - a +0 kite shield
Jewellery
 j - a ring of magical power (left hand)
 r - a ring of resist corrosion (right hand)
 y - an uncursed ring of stealth
 A - an uncursed ring of stealth
Wands
 B - a wand of paralysis (6)
Scrolls
 a - 3 scrolls of remove curse
 c - 2 scrolls of fear {unknown}
 k - a scroll of random uselessness {unknown}
 l - 3 scrolls of teleportation {unknown}
 m - a scroll of blinking
 p - 2 scrolls of identify
 q - 2 scrolls of amnesia
 s - 2 scrolls of magic mapping {unknown}
 z - 3 scrolls of fog {unknown}
 E - a scroll of enchant armour {unknown}
Potions
 d - a potion of haste
 f - 2 potions of lignification
 g - a potion of brilliance {unknown}
 h - a potion of degeneration {unknown}
 i - 3 potions of curing
 n - a potion of stabbing {unknown}
 w - a potion of flight {unknown}
 C - 2 potions of might {unknown}
 D - 2 potions of invisibility {unknown}
 F - a potion of mutation {unknown}
Comestibles
 b - 11 rations
 H - 3 chunks of flesh


   Skills:
 + Level 4.9(4.1) Fighting
 - Level 1.7(1.0) Dodging
 - Level 1.7(1.0) Stealth
 + Level 3.1(2.4) Shields
 + Level 4.4(3.7) Spellcasting
 + Level 4.4(3.6) Conjurations
 * Level 7.2(6.3) Fire Magic


You had 11 spell levels left.
You knew the following spells:

 Your Spells              Type           Power        Failure   Level  Hunger
a - Foxfire               Conj/Fire      ###.         1%          1    None
b - Inner Flame           Hex/Fire       ##......     12%         3    ###....

Your spell library contained the following spells:

 Spells                   Type           Power        Failure   Level  Hunger
 Conjure Flame            Conj/Fire      ###.....     6%          3    ###....
 Sticky Flame             Conj/Fire      ###.....     19%         4    ####...
 Fireball                 Conj/Fire      ###.......   47%         5    ######.


Dungeon Overview and Level Annotations

Branches:
Dungeon (6/15)
 Temple: D:4-7

Altars:
Cheibriados
Dithmenos


Innate Abilities, Weirdness & Mutations

You can breathe blasts of noxious fumes.
Your lurid green scales are hard. (AC +6)
You cannot fit into any form of body armour.
Your system is resistant to poisons. (rPois)
You are cold-blooded and may be slowed by cold attacks.


Message History

The hell rat looks more healthy.
You see here a rat skeleton.
The hell rat closely misses you.
Your magical contamination has completely faded away.
The hell rat twitches its whiskers.
The hell rat barely misses you.
Press: ? - help, . - travel, g - get item You can't see that place. [Stash: the +2 ratskin cloak {+Rats rPois rN+ Str-1 Int-1 Dex+1}] [the floor.] Unknown command.
Unknown command.
Press: ? - help, v - describe, . - travel
Here: a hell rat (severely wounded)
The floor.
Unknown command.
The hell rat closely misses you.
You see here a rat skeleton.
The hell rat bites you!
You die...

##.######...##..
##.#.##.####.###.
#.##.#÷#...#..###
#.###.###..##.###
##.#####.###...##.
#.###.#.#.###..##.
##.##.....####..#.
#.##....#..#....).
#@# #..#r##..##)
#r## #.r#r.#......
##r#..rr#r.#....>.
#÷##.rrr#..#....#.
##.#...###.####...
#r##[. ##.# #..#
##.### #r## ...#
##r####.# ...
##.##r##


You could see a hell rat and a river rat.

Vanquished Creatures
  Sigmund (D:3)
  Menkaure (D:5)
  A water moccasin (D:5)
  A sky beast (D:5)
  A phantom (D:5)
  An ogre (D:4)
  A centaur (D:6)
  A big kobold (D:5)
  Blork the orc (D:5)
  A howler monkey (D:4)
  A crimson imp (D:5)
  A bullfrog zombie (D:5)
  2 jellies
  A bullfrog skeleton (D:5)
  An orc priest (D:3)
  A hound (D:4)
  An iguana (D:4)
  5 worker ants
  5 gnolls
  13 adders
  An ooze (D:3)
  2 adder skeletons (D:4)
  5 dart slugs
  4 leopard geckos
  13 orcs
  A ball python (D:2)
  5 bats
  3 giant cockroaches
  4 goblins
  12 hobgoblins
  5 jackals
  3 quokkas
  A ball python skeleton (D:4)
  6 frilled lizards
  15 kobolds
  A leopard gecko skeleton (D:4)
  18 rats
  A plant (D:5)
141 creatures vanquished.

Vanquished Creatures (others)
  496 foxfires
496 creatures vanquished.

Grand Total: 637 creatures vanquished

Notes
Turn   | Place    | Note
-------+----------+-------------------------------------------
     0 | D:1      | Nixze the Draconian Fire Elementalist began the quest for
                  | the Orb.
     0 | D:1      | Reached XP level 1. HP: 14/14 MP: 3/3
   192 | D:1      | Reached XP level 2. HP: 19/22 MP: 0/5
   592 | D:1      | Reached skill level 1 in Fighting
   796 | D:1      | Reached XP level 3. HP: 22/28 MP: 6/6
  1213 | D:2      | Reached XP level 4. HP: 26/35 MP: 7/7
  1373 | D:2      | Reached skill level 4 in Fire Magic
  2297 | D:3      | Reached XP level 5. HP: 38/41 MP: 9/9
  2337 | D:3      | Noticed Sigmund
  2354 | D:3      | Killed Sigmund
  2354 | D:3      | Reached XP level 6. HP: 41/50 MP: 10/10
  2483 | D:3      | Reached skill level 5 in Fire Magic
  3110 | D:4      | Found a snail-covered altar of Cheibriados.
  3326 | D:4      | Reached skill level 1 in Shields
  3326 | D:4      | Your scales start taking on a lurid green colour.
  3326 | D:4      | Reached XP level 7. HP: 57/57 MP: 12/12
  3326 | D:4      | Gained mutation: Your system is resistant to poisons.
                  | (rPois) [Green Draconian growth]
  3531 | D:4      | Learned a level 3 spell: Inner Flame
  4098 | D:5      | Entered Level 5 of the Dungeon
  4229 | D:5      | Noticed Menkaure
  4234 | D:5      | Killed Menkaure
  4234 | D:5      | Reached skill level 6 in Fire Magic
  4336 | D:5      | Found a shadowy altar of Dithmenos.
  4456 | D:5      | Reached XP level 8. HP: 66/66 MP: 11/14
  4718 | D:5      | Noticed Blork the orc
  4730 | D:5      | Killed Blork the orc
  5243 | D:5      | Reached skill level 7 in Fire Magic
  5775 | D:6      | Found the +2 ratskin cloak {+Rats rPois rN+ Str-1 Int-1
                  | Dex+1}
  5793 | D:6      | HP: 3/67 [river rat (6)]
  5812 | D:6      | Mangled by a hell rat

Levels and vault maps discovered:
D:1:      scummos_arrival_hexagon, layout_loops_cross, minmay_distorted
D:2:      minmay_diamond_boxcup, layout_basic, first_ration, minivault_27,
          minmay_between
D:3:      layout_rooms, minmay_unequal, uniq_sigmund
D:4:      layout_loops_cross, kennysheep_slug_shrine
D:5:      layout_basic, lemuel_doored_altar, kennysheep_cluttered_room,
          lexackson_kobold_supper, uniq_menkaure, uniq_blork_the_orc
D:6:      wander_guarded_unrand_ratskin, layout_rooms, minmay_temple_entry_hall

Skill      XL: |  1  2  3  4  5  6  7  8 |
---------------+-------------------------+-----
Fighting       | 1 2 3 4 |  4.9
Fire Magic     | 4 5 6 7 |  7.2
Conjurations   | 2 3 4 |  4.4
Spellcasting   | 3 4 |  4.4
Shields        | 1 2 3 |  3.1
Dodging        | |  1.7
Stealth        | |  1.7

Action                   |  1- 3 |  4- 6 |  7- 9 || total
-------------------------+-------+-------+-------++-------
Melee: Unarmed           |    10 |       |       ||    10
       Dagger            |    16 |    24 |    44 ||    84
       Tailslap          |     6 |     2 |     7 ||    15
Throw: Dart              |       |     1 |       ||     1
 Cast: Foxfire           |    45 |   108 |   171 ||   324
       Inner Flame       |       |       |     3 ||     3
 Abil: Breathe Noxious F |       |       |     1 ||     1
  Use: Scroll            |       |     5 |       ||     5
 Stab: Sleeping          |       |       |     5 ||     5
  Eat: Chunk             |     2 |     6 |     8 ||    16
Armor: Skin              |    13 |    16 |    21 ||    50
Dodge: Dodged            |    31 |    31 |    71 ||   133

Table legend:
 A = Non-vault XP
 B = Vault XP
 C = Vault XP percentage of total XP
 D = Non-vault monster count
 E = Vault monster count
 F = Vault count percentage of total count
                 A         B        C        D         E       F
            +---------+---------+-------+---------+---------+-------
      Total |    1527 |     705 |  31.6 |      97 |      43 |  30.7
            +---------+---------+-------+---------+---------+-------
        D:1 |      40 |       5 |  11.1 |      20 |       3 |  13.0
        D:2 |      92 |      46 |  33.3 |      21 |      14 |  40.0
        D:3 |     110 |     260 |  70.3 |      13 |       5 |  27.8
        D:4 |     336 |       4 |   1.2 |      21 |       1 |   4.5
        D:5 |     752 |     380 |  33.6 |      15 |      10 |  40.0
        D:6 |     197 |      10 |   4.8 |       7 |      10 |  58.8
            +---------+---------+-------+---------+---------+-------
